 Dungeon Crawl Stone Soup version 0.26.0-10-g1f06aea511 (webtiles) character file.

Game seed: 18347213625622799100

24 inc the Vexing (level 2, -4/11 HPs)
             Began as a Felid Enchanter on Feb 1, 2021.
             Slain by an ogre
             ... wielding a +0 giant spiked club
              (14 damage)
             ... on level 2 of the Dungeon.
             The game lasted 00:00:40 (1193 turns).

inc the Vexing (Felid Enchanter)                    Turns: 1193, Time: 00:00:41

Health: -4/11      AC:  1    Str:  4    XL:     2   Next: 79%
Magic:  6/6        EV: 18    Int: 16    God:
Gold:   67         SH:  0    Dex: 16    Spells: 4/5 levels left
                                        Lives:  0   Deaths: 0

rFire    . . .     SeeInvis +     - Unarmed
rCold    . . .     Faith    .   (shield unavailable)
rNeg     . . .     Spirit   .   (armour unavailable)
rPois    .         Reflect  .   (helmet unavailable)
rElec    .         Harm     .   (cloak unavailable)
rCorr    .         Rampage  .   (gloves unavailable)
Will     .....                  (boots unavailable)
Stlth    ++++......             (no amulet)
HPRegen  0.03/turn              e - ring of stealth
MPRegen  0.10/turn              (no ring)

@: quick
A: very small, no armour, no weapons or thrown items, stealth, claws 1, fangs 3,
see invisible, speed 1, shaggy fur 1, sharp paws
a: no special abilities


You were on level 2 of the Dungeon.
You visited 1 branch of the dungeon, and saw 2 of its levels.

You collected 67 gold pieces.

Inventory:

Jewellery
 e - a ring of stealth (left paw)
Scrolls
 c - a scroll of teleportation {unknown}
Potions
 a - a potion of degeneration {unknown}
 b - 2 potions of curing {unknown}
 d - a potion of haste {unknown}
 f - a potion of magic {unknown}


   Skills:
 - Level 2.6 Dodging
 - Level 4.0 Stealth
 + Level 2.8 Unarmed Combat
 - Level 2.0 Spellcasting
 - Level 4.4 Hexes


You had 4 spell levels left.
You knew the following spells:

 Your Spells              Type           Power        Failure   Level
a - Corona                Hex            16%          3%          1

Your spell library contained the following spells:

 Spells                   Type           Power        Failure   Level
 Confusing Touch          Hex            15%          11%         3
 Tukima's Dance           Hex            15%          11%         3
 Ensorcelled Hibernation  Hex/Ice        16%          13%         2
 Dazzling Flash           Conj/Hex       16%          26%         3


Dungeon Overview and Level Annotations

Branches:
Dungeon (2/15)

Altars:


Innate Abilities, Weirdness & Mutations

You cannot wear armour.
You are incapable of wielding weapons or throwing items.
Your paws allow you to move quietly. (Stealth)
You have sharp claws.
You have razor-sharp teeth.
You have supernaturally acute eyesight. (SInv)
You cover ground quickly.
You are covered in fur. (AC +1)
Your sharp claws are effective at attacking unaware monsters.


Message History

You claw the ball python!
You kill the ball python!
HP restored.
You open the door.
There is an open door here.
A kobold comes into view.
A kobold is nearby!
A kobold is nearby!
Found a stone staircase leading up.
The kobold shouts!
You hear a shout!
You scratch the kobold but do no damage.
The kobold hits you but does no damage.
An ogre comes into view. It is wielding a +0 giant spiked club.
You closely miss the kobold. The kobold hits you.
You scratch the kobold but do no damage.
The kobold completely misses you.
You scratch the ogre but do no damage.
The ogre hits you with a +0 giant spiked club!
Ouch! That really hurt!
You die...

#.....#.# #.#.#...#
#.#.#.#.#+####### #.#
#<#.........#
#.#.###.........# #
#<#.............# #.
#.######........#
..##..#......'.†......#
......K@....##........#
......O.....##........#
.....#......##........#
##.. #......##........#
## #......##........#
#########........#
##########


You could see an ogre and a kobold.

Vanquished Creatures
  An ooze (D:1)
  A leopard gecko (D:1)
  2 goblins (D:1)
  5 hobgoblins (D:1)
  4 ball pythons
  A bat (D:1)
  A frilled lizard (D:1)
  A kobold (D:1)
  3 rats
19 creatures vanquished.

Notes
Turn   | Place    | Note
-------+----------+-------------------------------------------
     0 | D:1      | inc the Felid Enchanter began the quest for the Orb.
     0 | D:1      | Reached XP level 1. HP: 7/7 MP: 4/4
   187 | D:1      | Reached XP level 2. HP: 11/11 MP: 6/6
  1190 | D:2      | Noticed an ogre
  1193 | D:2      | Slain by an ogre

Illustrated notes

Levels and vault maps discovered:
D:1:      nicolae_arrival_somewhat_less_tricky_arrival, layout_loops_ring
D:2:      layout_basic, tgw_trog, chequers_temple_overflow_minitemple

Skill      XL: |  1 |
---------------+----+-----
Unarmed Combat | 2 |  2.8
Dodging        | |  2.6
Stealth        | |  4.0
Spellcasting   | |  2.0
Hexes          | |  4.4

Action                   || total
-------------------------++-------
Melee: Unarmed           ||    55
       Bite              ||     2
 Stab: Sleeping          ||     8
Armor: Skin              ||     2
Dodge: Dodged            ||    30
